 Dungeon Crawl Stone Soup version 0.17-a0-1519-g2001520 (console) character file.

179 Monkaria the Slasher (level 5, -4/46 HPs)
             Began as a Minotaur Skald on July 13, 2015.
             Was an Initiate of Ashenzari.
             Slain by an orc priest
             ... wielding a +0 whip
              (6 damage)
             ... on level 4 of the Dungeon.
             The game lasted 00:05:01 (2308 turns).

Monkaria the Slasher (Minotaur Skald)               Turns: 2308, Time: 00:05:01

Health: -4/46      AC:  3    Str: 23    XL:     5   Next: 33%
Magic:  6/6        EV: 11    Int:  9    God:    Ashenzari [......]
Gold:   147        SH:  0    Dex:  9    Spells: 1 memorised, 5 levels left

rFire  . . .     SeeInvis .     a - +0 falchion
rCold  . . .     Clarity  .     b - +0 leather armour
rNeg   . . .     SustAt   .     (no shield)
rPois  .         Gourm    .     (helmet restricted)
rElec  .         Spirit   .     (no cloak)
rCorr  .         Warding  .     (no gloves)
rMut   .         Stasis   .     (no boots)
MR     .....                    (no amulet)
Stlth  +.........               (no ring)
                                (no ring)

@: mighty, not resistant to hostile enchantments, very unstealthy
A: retaliatory headbutt, horns 2
a: Renounce Religion


You were on level 4 of the Dungeon.
You worshipped Ashenzari.
Ashenzari was noncommittal.
You were not hungry.

You visited 1 branch of the dungeon, and saw 4 of its levels.

You collected 147 gold pieces.

Inventory:

Hand weapons
 a - a +0 falchion (weapon)
Missiles
 p - 12 poisoned needles
Armour
 b - a +0 leather armour (worn)
Scrolls
 e - 7 scrolls of identify {unknown}
 f - 3 scrolls of teleportation {unknown}
 g - 2 scrolls of remove curse
 i - a scroll of enchant armour {unknown}
 k - a scroll of amnesia {unknown}
 m - a scroll of fog {unknown}
 o - a scroll of random uselessness {unknown}
 t - 2 scrolls of enchant weapon {unknown}
 v - a scroll of magic mapping {unknown}
Potions
 j - a potion of haste {unknown}
 l - 2 potions of curing {unknown}
 n - a potion of flight {unknown}
 q - a potion of degeneration {unknown}
 r - a potion of brilliance {unknown}
 w - a potion of might
 x - a potion of lignification {unknown}
Books
 c - a book of Battle

   Spells                             Type                      Level
   a - Infusion                       Charms                       1
   b - Shroud of Golubria             Charms/Translocation         2
   c - Song of Slaying                Charms                       2
   d - Spectral Weapon                Hexes/Charms                 3
   e - Regeneration                   Charms/Necromancy            3
Comestibles
 d - a bread ration
 h - 3 meat rations
 s - a fruit
 u - a beef jerky


   Skills:
 - Level 4.1 Fighting
 + Level 5.9 Long Blades
 - Level 1.2 Armour
 - Level 1.1 Dodging
 - Level 1.3 Spellcasting
 - Level 2.0 Charms


You had 5 spell levels left.
You knew the following spells:

 Your Spells              Type           Power        Failure   Level  Hunger
a - Infusion              Chrm           #.....       21%         1    ##.....


Dungeon Overview and Level Annotations

Branches:
Dungeon (4/15)
 Temple: D:4-7

Altars:
Ashenzari

Annotations:
D:3 cosh's ghost, average HOBe


Innate Abilities, Weirdness & Mutations

You reflexively headbutt those who attack you in melee.
You have a pair of horns on your head.


Message History

You closely miss the orc priest. Your headbutt misses the orc priest.
The orc priest is severely wounded.
The orc priest casts a cantrip, but nothing happens.
You closely miss the orc priest.
The orc priest is severely wounded.
The orc priest hits you with a flail.
* * * LOW HITPOINT WARNING * * *
The orc priest calls down the wrath of Beogh upon you.
Pain shoots through your body!
* * * LOW HITPOINT WARNING * * *
Drink which item? (? for menu, Esc to quit)
It was a potion of might.
You feel very mighty all of a sudden. The orc hits you with a flail!
* * * LOW HITPOINT WARNING * * *
The orc priest closely misses you. You furiously retaliate!
You headbutt the orc priest!
You kill the orc priest!
The orc priest hits you with a whip.
You die...

#+####+##
....... .....#
#...##+#
#...##.#
..##.##)..##.#
......o@.....#
.....##o####.#
..# #.####.# #.
#..+...#
..##.##...#
#.##+###'##
##.##......#
..(.......#
#+###.######..#


You could see an orc priest and an orc.

Vanquished Creatures
  A scorpion (D:4)
  An orc priest (D:4)
  3 adders (D:2)
  2 oozes
  3 giant geckos
  2 orcs (D:4)
  A ball python (D:3)
  2 giant cockroaches
  8 hobgoblins
  5 jackals
  6 kobolds
  3 quokkas (D:2)
  8 bats
  4 giant newts
  2 goblins (D:2)
  4 rats
55 creatures vanquished.

Notes
Turn   | Place    | Note
--------------------------------------------------------------
     0 | D:1      | Monkaria the Minotaur Skald began the quest for the Orb.
     0 | D:1      | Reached XP level 1. HP: 18/18 MP: 1/1
    67 | D:1      | Reached skill level 3 in Fighting
   132 | D:1      | Reached XP level 2. HP: 20/26 MP: 3/3
   488 | D:1      | Reached skill level 4 in Fighting
   782 | D:2      | Reached XP level 3. HP: 25/33 MP: 4/4
   859 | D:2      | Found a shattered altar of Ashenzari.
   900 | D:2      | Became a worshipper of Ashenzari the Shackled
  1085 | D:2      | Reached XP level 4. HP: 37/40 MP: 5/5
  1383 | D:3      | Noticed cosh's ghost (average HOBe)
  2051 | D:4      | Reached skill level 5 in Long Blades
  2051 | D:4      | Reached XP level 5. HP: 20/46 MP: 6/6
  2308 | D:4      | HP: 2/46 [orc/flail (7)]
  2308 | D:4      | Slain by an orc priest

Vault maps used:
D:1:      lightli_arrival_windingriver, minmay_tree_intersection
D:2:      ashenzari_altar_1
D:3:      serial_bayou_pond_b
D:4:      nicolae_ru_path_of_blood, minmay_small_thing

Action                   |  1- 3 |  4- 6 || total
-------------------------+-------+-------++-------
Melee: Falchion          |    71 |    56 ||   127
  Use: Potion            |       |     1 ||     1
  Eat: Chunk             |       |     4 ||     4
